 Dungeon Crawl Stone Soup version 0.28-a0-563-gf77a47075d (webtiles) character file.

Game seed: 337096108908277965

60 Johnny the Chiller (level 3, -1/43 HPs)
             Began as a Draconian Ice Elementalist on Sept 30, 2021.
             Killed from afar by Sigmund (7 damage)
             ... with a magic dart
             ... on level 2 of the Dungeon.
             The game lasted 00:01:27 (1716 turns).

Johnny the Chiller (Draconian Ice Elementalist)     Turns: 1716, Time: 00:01:27

Health: -1/43      AC: 21    Str: 10    XL:     3   Next: 82%
Magic:  5/7        EV:  2    Int: 16    God:
Gold:   55         SH:  0    Dex: 11    Spells: 6/7 levels left

rFire   . . .      SeeInvis .   g - +2 mace (protect)
rCold   . . .      Faith    .   (no shield)
rNeg    + + +      Spirit   .   (armour unavailable)
rPois   +          Reflect  .   (helmet currently unavailable)
rElec   .          Harm     .   (cloak currently unavailable)
rCorr   .          Rampage  .   (gloves currently unavailable)
Will    .....      NoTele   +   (boots currently unavailable)
Stlth   ++........              (no amulet)
HPRegen 0.14/turn               k - ring of poison resistance
MPRegen 0.10/turn               (no ring)

@: brilliant, tree-form, hasted, very quick
A: stationary, stasis, torment immunity, boosted hp, AC +5, unfitting armour,
(cold-blooded)
a: no special abilities


You were on level 2 of the Dungeon.
You were a tree.
You visited 1 branch of the dungeon, and saw 2 of its levels.

You collected 55 gold pieces.

Inventory:

Hand Weapons
 c - a +0 club
 g - a +2 mace of protection (weapon)
Armour
 l - a +0 cloak (melded)
Magical Staves
 f - a staff of death
Jewellery
 k - a ring of poison resistance (left branch)
Scrolls
 a - a scroll of enchant weapon {unknown}
 d - a scroll of blinking {unknown}
 j - a scroll of teleportation {unknown}
 m - a scroll of fear {unknown}
Potions
 b - a potion of magic
 i - a potion of haste


   Skills:
 + Level 2.0 Fighting
 - Level 1.7 Dodging
 - Level 1.7 Stealth
 + Level 2.7 Spellcasting
 + Level 4.5 Ice Magic


You had 6 spell levels left.
You knew the following spells:

 Your Spells              Type           Power      Damage    Failure   Level
a - Freeze                Ice            100%       1d11      3%          1

Your spell library contained the following spells:

 Spells                   Type           Power      Damage    Failure   Level
 Frozen Ramparts          Ice            50%        1d7       9%          3
 Ozocubu's Armour         Ice            25%        N/A       9%          3
 Beastly Appendage        Tmut           6%         N/A       19%         1
 Wereblood                Tmut           3%         N/A       28%         2
 Spider Form              Tmut/Pois      1%         N/A       50%         3
 Hailstorm                Conj/Ice       14%        3d5       58%         4


Dungeon Overview and Level Annotations

Branches:
Dungeon (2/15)

Altars:

Annotations:
D:2 Sigmund


Innate Abilities, Weirdness & Mutations

You are a tree.
Your roots penetrate the ground, keeping you stationary.
You cannot be teleported.
You are immune to unholy pain and torment.
Your maximum health is greatly increased.
Your equipment is partially melded.
((Your plain brown scales are hard. (AC +5)))
You cannot fit into any form of body armour.
((You are cold-blooded and may be slowed by cold attacks.))


Message History

You're too confused to cast spells.
Unknown command.
Okay, then.
You barely miss Sigmund.
Sigmund is lightly wounded.
Sigmund mumbles some strange words.
Sigmund flickers and vanishes!
Deactivating autopickup; reactivate with Ctrl-A.
You hear some strange, mumbled words.
A puff of flame appears from out of thin air!
The puff of flame hits you.
You miss something. Something hits you.
You hear some strange, mumbled words.
Something tries to affect you, but you resist.
You miss something. Something hits you but does no damage.
It was a potion of magic.
Magic courses through your body. Something hits you!
It was a potion of haste.
You feel yourself speed up.
You feel less confused.
Casting: Freeze (safe; 3% risk of failure)
Confirm with . or Enter, or press ? or * to list all spells.
Aiming: Freeze (safe; 3% risk of failure)
Press: ? - help, Shift-Dir - straight line You freeze something!
Something hits you.
* * * LOW HITPOINT WARNING * * *
It was a potion of brilliance.
You feel clever all of a sudden.
It was a potion of lignification.
You turn into a tree.
Your +0 cloak melds into your body.
Your roots penetrate the ground.
It was a potion of flight.
Your roots keep you in place.
You hear some strange, mumbled words.
Something tries to affect you, but you resist.
Casting: Freeze (safe; 3% risk of failure)
Confirm with . or Enter, or press ? or * to list all spells.
Aiming: Freeze (safe; 3% risk of failure)
Press: ? - help, Shift-Dir - straight line You feel a surge of power!
You freeze something.
You hear some strange, mumbled words.
A magic dart appears from out of thin air!
The magic dart hits you!
You die...

...##...##......#
................###
......#.##........#
........##......#.###
.............####...#
...#....÷....# #...#
......#......####...#
..##...........{....#
#..#.##......###♣...#
##.#.###.##### ##...#
#...# .# #...# ##..#
.# #...# #..# .#
#...# #..# ##### #..#
#..# #.##


There were no monsters in sight!

Vanquished Creatures
  2 adders (D:2)
  A worm (D:2)
  2 dart slugs
  3 endoplasms
  A giant cockroach (D:1)
  5 hobgoblins
  A kobold (D:1)
  A quokka (D:1)
  3 ball pythons
  7 bats
  5 frilled lizards
  3 goblins
  A rat (D:2)
35 creatures vanquished.

Notes
Turn   | Place    | Note
-------+----------+-------------------------------------------
     0 | D:1      | Johnny the Draconian Ice Elementalist began the quest for
                  | the Orb.
     0 | D:1      | Reached XP level 1. HP: 14/14 MP: 3/3
   328 | D:1      | Reached XP level 2. HP: 22/22 MP: 1/5
   396 | D:1      | Reached skill level 1 in Fighting
   740 | D:1      | Found a faded altar of an unknown god.
  1153 | D:2      | Reached XP level 3. HP: 26/28 MP: 6/6
  1699 | D:2      | Noticed Sigmund
  1716 | D:2      | Killed from afar by Sigmund

Illustrated notes

Levels and vault maps discovered:
D:1:      nicolae_arrival_washed_ashore, layout_loops_ring,
          ebering_ecumenical_altar_rust
D:2:      layout_rooms, lemuel_flame_loot_1, uniq_sigmund

Skill      XL: |  1  2  3 |
---------------+----------+-----
Fighting       | 1 2 |  2.0
Dodging        | |  1.7
Stealth        | |  1.7
Spellcasting   | |  2.7
Ice Magic      | |  4.5

Action                   || total
-------------------------++-------
Melee: Unarmed           ||    70
       Tailslap          ||    12
       Club              ||    22
       Mace              ||    44
 Cast: Freeze            ||    21
  Use: Potion            ||     5
 Stab: Sleeping          ||     5
Armor: Skin              ||    65
Dodge: Dodged            ||   118

Table legend: (Time is in decaauts)
 A = Elapsed time spent in this place.
 B = Non-inter-level travel time spent in this place.
 C = Inter-level travel time spent in this place.
 D = Time resting spent in this place.
 E = Time spent auto-exploring this place.
 F = Levels seen in this place.
 G = Mean time per level.
                   A        B        C        D        E       F      G
               +--------+--------+--------+--------+--------+-----+--------+
         Total |   1737 |   1704 |     33 |     42 |   1326 |   2 |  868.5 |
       Dungeon |   1737 |   1704 |     33 |     42 |   1326 |   2 |  868.5 |
               +--------+--------+--------+--------+--------+-----+--------+

Top non-repeatable levels by time:
     D:1: 1017 daAuts
     D:2: 720 daAuts
